 Dungeon Crawl Stone Soup version 0.23.1 (webtiles) character file.

Game seed: 16965729656945705195

19 Borgoz the Sneak (level 2, -1/20 HPs)
             Began as a Ghoul Enchanter on Mar 9, 2019.
             Slain by a jackal (2 damage)
             ... on level 1 of the Dungeon.
             The game lasted 00:01:24 (831 turns).

Borgoz the Sneak (Ghoul Enchanter)                   Turns: 831, Time: 00:01:25

Health: -1/20      AC:  2    Str: 11    XL:     2   Next: 75%
Magic:  3/3        EV: 12    Int: 10    God:
Gold:   56         SH:  0    Dex:  9    Spells: 3/4 levels left

rFire    . . .     SeeInvis .   e - +0 short sword
rCold    + + .     Gourm    .   (no shield)
rNeg     + + +     Faith    .   b - +0 robe
rPois    ∞         Spirit   .   (no helmet)
rElec    .         Reflect  .   (no cloak)
rCorr    .         Harm     .   (no gloves)
MR       .....                  (no boots)
Stlth    ++........             (no amulet)
HPRegen  0.00/turn              g - ring of protection from cold
MPRegen  0.08/turn              (no ring)

@: rotting
A: rotting body, claws 1, carnivore, cold resistance 1, negative energy
resistance 3, inhibited regeneration, torment resistance, unbreathing
a: no special abilities


You were on level 1 of the Dungeon.
You were not hungry.

You visited 1 branch of the dungeon, and saw 1 of its levels.

You collected 56 gold pieces.

Inventory:

Hand Weapons
 e - a +0 short sword (weapon)
Missiles
 h - 2 javelins (quivered)
Armour
 a - a cursed +0 helmet
 b - a +0 robe (worn)
Jewellery
 g - a ring of protection from cold (left claw)
Scrolls
 c - 2 scrolls of magic mapping {unknown}
 j - a scroll of amnesia {unknown}
Potions
 i - a potion of berserk rage
Comestibles
 d - 2 rations
 f - 5 chunks of flesh


   Skills:
 + Level 1.3 Short Blades
 + Level 2.0 Dodging
 + Level 3.7 Stealth
 + Level 1.8 Spellcasting
 + Level 2.6 Hexes


You had 3 spell levels left.
You knew the following spells:

 Your Spells              Type           Power        Failure   Level  Hunger
a - Corona                Hex            #......      11%         1    ##.....

Your spell library contained the following spells:

 Spells                   Type           Power        Failure   Level  Hunger
 Ensorcelled Hibernation  Hex/Ice        #.....       28%         2    ###....
 Confuse                  Hex            #.......     32%         3    ####...
 Tukima's Dance           Hex            #.......     32%         3    ####...
 Dazzling Spray           Conj/Hex       #.....       50%         3    ####...


Dungeon Overview and Level Annotations

Branches:
Dungeon (1/15)

Altars:


Innate Abilities, Weirdness & Mutations

Your body is rotting away.
You thrive on raw meat.
You are immune to poison.
You have sharp fingernails.
You are carnivorous and can eat meat at any time.
Your flesh is cold resistant. (rC+)
You are immune to negative energy. (rN+++)
You do not regenerate when monsters are visible.
You are immune to unholy pain and torment.
You can survive without breathing.


Message History

The jackal is moderately wounded.
The jackal closely misses you. The jackal bites you.
* * * LOW HITPOINT WARNING * * *
You barely miss the jackal.
The jackal is moderately wounded.
The jackal bites you.
* * * LOW HITPOINT WARNING * * *
You closely miss the jackal.
The jackal is moderately wounded.
The jackal bites you.
* * * LOW HITPOINT WARNING * * *
The jackal bites you but does no damage.
You hit the jackal.
You kill the jackal!
The jackal misses you.
You hit the jackal but do no damage. The jackal barely misses you.
You hit the jackal.
The jackal is heavily wounded.
The jackal bites you.
You die...

#.?.......#### ###.#
### #....h....##..
..#.#
#.....[...##.#####.#.#
#.........##.# ..#.#.#
#.........##.###.#.#.#
####.......$...#.#.#.#
######hg........#.#####
#h##.#.#..........
#@#......#.#..#.##
#.#........#..#.#
#.##.#######..#.##
#.##.. ...#... #.####
###.#### #.# #.# #.#
#.# #.#


You could see 2 jackals and a hobgoblin.

Vanquished Creatures
  An ooze (D:1)
  2 giant cockroaches (D:1)
  A hobgoblin (D:1)
  A jackal (D:1)
  4 kobolds (D:1)
  2 bats (D:1)
  2 frilled lizards (D:1)
  2 rats (D:1)
15 creatures vanquished.

Notes
Turn   | Place    | Note
-------+----------+-------------------------------------------
     0 | D:1      | Borgoz the Ghoul Enchanter began the quest for the Orb.
     0 | D:1      | Reached XP level 1. HP: 14/14 MP: 2/2
   408 | D:1      | Reached skill level 1 in Short Blades
   520 | D:1      | Reached XP level 2. HP: 20/20 MP: 3/3
   828 | D:1      | HP: 1/20 [jackal (2)]
   831 | D:1      | Slain by a jackal

Skill      XL: |  1  2 |
---------------+-------+-----
Short Blades   | 1 |  1.3
Dodging        | 2 |  2.0
Stealth        | |  3.7
Spellcasting   | |  1.8
Hexes          | |  2.6

Action                   || total
-------------------------++-------
Melee: Short sword       ||    60
       Dagger            ||     9
 Cast: Corona            ||     1
  Use: Potion            ||     1
 Stab: Sleeping          ||     2
  Eat: Chunk             ||     1
Armor: Robe              ||    22
Dodge: Dodged            ||    49
